 Dungeon Crawl Stone Soup version 0.22-a0-369-gc73351f (webtiles) character file.

7 Amnesiac the Magician (level 1, -11/14 HPs)
             Began as a Mummy Wizard on Apr 24, 2018.
             Mangled by an ogre
             ... wielding a +0 giant club
              (25 damage)
             ... on level 4 of the Dungeon.
             The game lasted 00:00:59 (345 turns).

Amnesiac the Magician (Mummy Wizard)                 Turns: 345, Time: 00:01:00

Health: -11/14     AC:  2    Str: 10    XL:     1   Next: 91%
Magic:  5/5        EV: 12    Int: 17    God:
Gold:   39         SH:  0    Dex: 10    Spells: 7/8 levels left

rFire    x . .     SeeInvis .   (no weapon)
rCold    + . .     Gourm    .   (no shield)
rNeg     + + +     Faith    .   a - +0 robe
rPois    ∞         Spirit   .   (no helmet)
rElec    .         Reflect  .   (no cloak)
rCorr    .         Harm     .   (no gloves)
MR       .....                  (no boots)
Stlth    ++........             (no amulet)
HPRegen  0.04/turn              (no ring)
MPRegen  0.09/turn              (no ring)

@: no status effects
A: no food or potions, fire vulnerability, cold resistance 1, negative energy
resistance 3, torment resistance, unbreathing
a: no special abilities


You were on level 4 of the Dungeon.
You were not hungry.

You visited 1 branch of the dungeon, and saw 4 of its levels.

You collected 39 gold pieces.

Inventory:

Missiles
 c - 22 sling bullets
Armour
 a - a +0 robe (worn)
Scrolls
 b - a scroll of blinking {!r, unknown}
 d - a scroll of amnesia {!r, unknown}
 e - a scroll of teleportation {!r, unknown}
 f - a scroll of identify {!r, unknown}


   Skills:
 + Level 0.7 Fighting
 * Level 2.0 Dodging
 - Level 1.5 Stealth
 - Level 4.0 Spellcasting
 - Level 0.7 Conjurations
   Level 0.7 Summonings
   Level 0.7 Translocations


You had 7 spell levels left.
You knew the following spells:

 Your Spells              Type           Power        Failure   Level  Hunger
a - Magic Dart            Conj           #...         12%         1    N/A

Dungeon Overview and Level Annotations

Branches:
Dungeon (4/15)
 Temple: D:4-7

Altars:


Innate Abilities, Weirdness & Mutations

You do not eat or drink.
Your flesh is vulnerable to fire.
You are immune to poison.
Your flesh is cold resistant. (rC+)
You are immune to negative energy. (rN+++)
You are immune to unholy pain and torment.
You can survive without breathing.


Message History

Confirm with . or Enter, or press ? or * to list all spells.
Aiming: Magic Dart (safe; 12% risk of failure)
Press: ? - help, Shift-Dir - straight line, f/p - jackal
Aim: a jackal (heavily wounded)
The magic dart hits the jackal.
You kill the jackal!
Your Dodging skill increases to level 2!
Casting: Magic Dart (safe; 12% risk of failure)
Confirm with . or Enter, or press ? or * to list all spells.
You don't have enough magic to cast that spell.
Casting: Magic Dart (safe; 12% risk of failure)
Confirm with . or Enter, or press ? or * to list all spells.
You don't have enough magic to cast that spell.
You start resting.
Your magical contamination has completely faded away.
You start resting.
HP restored.
You start resting.
Magic restored.
You see here a jackal corpse.
You see here a hand axe.
A rat comes into view.
A rat is nearby!
A rat is nearby!
Casting: Magic Dart (safe; 12% risk of failure)
Confirm with . or Enter, or press ? or * to list all spells.
Aiming: Magic Dart (safe; 12% risk of failure)
Press: ? - help, Shift-Dir - straight line, f - rat
Aim: a rat (hasn't noticed you)
The magic dart hits the rat.
You kill the rat!
Casting: Magic Dart (safe; 12% risk of failure)
Confirm with . or Enter, or press ? or * to list all spells.
You can't see any susceptible monsters within range! (Use Z to cast anyway.)
Casting: Magic Dart (safe; 12% risk of failure)
Confirm with . or Enter, or press ? or * to list all spells.
You can't see any susceptible monsters within range! (Use Z to cast anyway.)
Casting: Magic Dart (safe; 12% risk of failure)
Confirm with . or Enter, or press ? or * to list all spells.
You can't see any susceptible monsters within range! (Use Z to cast anyway.)
You start resting.
Magic restored.
Found a chain mail.
e - a scroll labeled MES ESODWUNEI {!r}
Found a stone staircase leading down.
Found a ration.
There is a stone staircase leading down here.
Found a metallic golden potion.
You now have 28 gold pieces (gained 11).
f - a scroll labeled BURAUPT HYSAVEEF {!r}
There is a stone staircase leading down here.
You climb downwards.
Found 11 gold pieces.
There is a stone staircase leading up here.
You now have 39 gold pieces (gained 11).
There is a stone staircase leading up here.
An ogre comes into view. It is wielding a giant club.
An ogre is nearby!
Search for what [? for help]? sli Unknown command.
There is a stone staircase leading up here.
The ogre hits you with a giant club!!
Ouch! That really hurt!
You die...

#######
#.....#
#.....#
#.....#
#.....#
#.....#
#..@..#
#..O..#
#.....#
#.....#
#.....#
###.### #.#
#........#
###..###...


You could see an ogre.

Vanquished Creatures
  A goblin (D:2)
  A hobgoblin (D:1)
  2 jackals (D:3)
  A frilled lizard (D:3)
  A kobold (D:2)
  A rat (D:3)
7 creatures vanquished.

Notes
Turn   | Place    | Note
-------+----------+-------------------------------------------
     0 | D:1      | Amnesiac the Mummy Wizard began the quest for the Orb.
     0 | D:1      | Reached XP level 1. HP: 13/13 MP: 5/5
   338 | D:4      | Noticed an ogre
   345 | D:4      | Mangled by an ogre

Vault maps used:
D:1:      kennysheep_arrival_seaside
D:2:      first_ration

Skill      XL: |  1 |
---------------+----+-----
Dodging        | 2 |  2.0
Fighting       | |  0.7
Stealth        | |  1.5
Spellcasting   | |  4.0
Conjurations   | |  0.7
Summonings     | |  0.7
Translocations | |  0.7

Action                   || total
-------------------------++-------
 Cast: Magic Dart        ||    12
Dodge: Dodged            ||     1

Table legend:
 A = Spawn XP
 B = Non-spawn XP
 C = Spawn XP percentage of total XP
 D = Spawn monster count
 E = Non-spawn monster count
 F = Spawn count percentage of total count
 G = Total turns spent on level
                    A         B        C        D         E        F      G
               +---------+---------+-------+---------+---------+-------+---------
         Total |       0 |      11 |   0.0 |       0 |       7 |   0.0 |   345
               +---------+---------+-------+---------+---------+-------+---------
           D:1 |       0 |       2 |   0.0 |       0 |       1 |   0.0 |   156
           D:2 |       0 |       3 |   0.0 |       0 |       2 |   0.0 |    29
           D:3 |       0 |       6 |   0.0 |       0 |       4 |   0.0 |   140
               +---------+---------+-------+---------+---------+-------+---------
